| TOP OF THE 1ST |
|
Altoona Curve batting - Pitching for Tulsa Drillers : RHP Victor Torres
|
|
Pitching: RHP Victor Torres
|
|
|
Batting: RHB Nelson Ozuna
|
0-0: Ball 1-0: Swinging Strike 1-1: SINGLE (Groundball, 6MD, EV 104.4 MPH) (infield hit)
|
|
Batting: RHB Chris Pozzi
|
0-0: Foul Ball, location: 2F 0-1: Called Strike 0-2: Foul Ball, location: 2F 0-2: Ball 1-2: DOUBLE (Line Drive, 9LM, EV 94.4 MPH) Nelson Ozuna to third Runner from 3rd tries for Home, SAFE, throw by RF to trailing runner, OUT at third! 9-3-5
|
|
Batting: RHB Jose Almonte
|
0-0: Ball 1-0: Ball 2-0: Called Strike 2-1: Swinging Strike 2-2: Ball 3-2: Strikes out swinging
|
|
Batting: RHB John Goynes
|
0-0: Ball 1-0: Foul Ball, location: 2F 1-1: SINGLE (Groundball, 4MD, EV 93.8 MPH)
|
|
Batting: RHB Killian Jones
|
0-0: Ball 1-0: Called Strike 1-1: Ground out 5-3 (Groundball, 56S, EV 81.2 MPH)
|
| Top of the 1st over - 1 run, 3 hits, 0 errors, 1 left on base; Altoona 1 - Tulsa 0 |
| BOTTOM OF THE 1ST |
|
Tulsa Drillers batting - Pitching for Altoona Curve : RHP Nelson Villalva
|
|
Pitching: RHP Nelson Villalva
|
|
|
Batting: RHB Sam Saunders
|
0-0: Ball 1-0: Foul Ball, location: 2F 1-1: Ball 2-1: SINGLE (Line Drive, 9LS, EV 90.0 MPH)
|
|
Batting: RHB Curt Earnest
|
0-0: Ball 1-0: Called Strike 1-1: Foul Ball, location: 2F 1-2: Ball 2-2: Strikes out swinging
|
|
Batting: SHB Shane Marcum
|
0-0: TRIPLE (Line Drive, 9LD, EV 105.0 MPH) Sam Saunders scores
|
|
Batting: LHB Chris Fandino
|
0-0: Called Strike 0-1: Foul Ball, location: 2F 0-2: Ball 1-2: Strikes out swinging
|
|
Batting: RHB Seth Tramontano
|
0-0: Foul Ball, location: 2F 0-1: Ground out 4-3 (Groundball, 4, EV 86.9 MPH)
|
| Bottom of the 1st over - 1 run, 2 hits, 0 errors, 1 left on base; Altoona 1 - Tulsa 1 |
| TOP OF THE 2ND |
|
Altoona Curve batting - Pitching for Tulsa Drillers : RHP Victor Torres
|
|
Batting: SHB Jerry Massey
|
0-0: SINGLE (Groundball, 4MD, EV 97.5 MPH)
|
|
Batting: RHB Ron Corn
|
0-0: Ball 1-0: Ball 2-0: Ball 3-0: Called Strike 3-1: Swinging Strike 3-2: Foul Ball, location: 2F 3-2: Strikes out swinging
|
|
Batting: RHB Brian Moore
|
0-0: Called Strike 0-1: Swinging Strike 0-2: Grounds into double play, 5-4-3 (Groundball, 5, EV 88.8 MPH)
|
| Top of the 2nd over - 0 runs, 1 hit, 0 errors, 0 left on base; Altoona 1 - Tulsa 1 |
| BOTTOM OF THE 2ND |
|
Tulsa Drillers batting - Pitching for Altoona Curve : RHP Nelson Villalva
|
|
Batting: LHB Hyoji Toda
|
0-0: Ball 1-0: Ball 2-0: Called Strike 2-1: Ball 3-1: Base on Balls
|
|
Batting: LHB Steve Pond
|
0-0: Ball 1-0: Ball 2-0: Ball 3-0: Called Strike 3-1: Swinging Strike 3-2: Fielders Choice at 2nd, 4-6 (Groundball, 34S, EV 91.9 MPH)
|
|
Batting: RHB Jerry Sanchez
|
0-0: Ball 1-0: Foul Ball, location: 2F 1-1: Fly out, F8 (Line Drive, 8LM, EV 99.4 MPH)
|
|
Batting: RHB Tony Reyna
|
0-0: Called Strike 0-1: Foul Ball, location: 2F 0-2: Ball 1-2: Ball 2-2: Ball 3-2: Ground out 4-3 (Groundball, 34, EV 103.1 MPH)
|
| Bottom of the 2nd over - 0 runs, 0 hits, 0 errors, 1 left on base; Altoona 1 - Tulsa 1 |
| TOP OF THE 3RD |
|
Altoona Curve batting - Pitching for Tulsa Drillers : RHP Victor Torres
|
|
Batting: RHB Pleun Smit
|
0-0: Called Strike 0-1: Ball 1-1: Ground out 4-3 (Groundball, 4S, EV 81.9 MPH)
|
|
Batting: RHB Nelson Ozuna
|
0-0: Foul Ball, location: 2F 0-1: Foul Ball, location: 2F 0-2: Ground out 4-3 (Groundball, 4, EV 98.1 MPH)
|
|
Batting: RHB Chris Pozzi
|
0-0: Ball 1-0: Foul Ball, location: 2F 1-1: Called Strike 1-2: Foul Ball, location: 2F 1-2: Strikes out swinging
|
| Top of the 3rd over - 0 runs, 0 hits, 0 errors, 0 left on base; Altoona 1 - Tulsa 1 |
| BOTTOM OF THE 3RD |
|
Tulsa Drillers batting - Pitching for Altoona Curve : RHP Nelson Villalva
|
|
Batting: RHB Sam Saunders
|
0-0: Ball 1-0: Ball 2-0: Foul Ball, location: 2F 2-1: DOUBLE (Flyball, 8LXD, EV 101.9 MPH)
|
|
Batting: RHB Curt Earnest
|
0-0: Foul Ball, location: 2F 0-1: Ball 1-1: Ball 2-1: Ball 3-1: Swinging Strike 3-2: Strikes out swinging
|
|
Batting: SHB Shane Marcum
|
0-0: Ball Sam Saunders steals 3rd base 1-0: Ball 2-0: Ball 3-0: Called Strike 3-1: Swinging Strike 3-2: SINGLE (Groundball, 4D, EV 99.4 MPH) Sam Saunders scores
|
|
Batting: LHB Chris Fandino
|
0-0: Called Strike Shane Marcum steals 2nd base (no throw) 0-1: Ball 1-1: Foul Ball, location: 2F 1-2: Ball 2-2: SINGLE (Groundball, 23, EV 68.8 MPH) (infield hit) Shane Marcum to third
|
|
Batting: RHB Seth Tramontano
|
0-0: Ball 1-0: Called Strike 1-1: Foul Ball, location: 2F 1-2: Foul Ball, location: 2F 1-2: Ground out 5-3 (Groundball, 56S, EV 72.5 MPH) Shane Marcum scores Chris Fandino to second
|
|
Batting: LHB Hyoji Toda
|
0-0: Called Strike 0-1: Ball 1-1: Swinging Strike 1-2: Foul Ball, location: 2F 1-2: 2-RUN HOME RUN (Flyball, 8RXD, EV 107.5 MPH), Distance : 432 ft
|
|
Pitching: RHP Kevin Beury
|
|
|
Batting: LHB Steve Pond
|
0-0: Called Strike 0-1: SINGLE (Groundball, 5D, EV 102.5 MPH)
|
|
Batting: RHB Jerry Sanchez
|
0-0: Ball 1-0: Called Strike 1-1: Swinging Strike 1-2: Ball 2-2: Ball 3-2: Strikes out swinging
|
| Bottom of the 3rd over - 4 runs, 5 hits, 0 errors, 1 left on base; Altoona 1 - Tulsa 5 |
| TOP OF THE 4TH |
|
Altoona Curve batting - Pitching for Tulsa Drillers : RHP Victor Torres
|
|
Batting: RHB Jose Almonte
|
0-0: Ball 1-0: Ball 2-0: Called Strike 2-1: Foul Ball, location: 2F 2-2: Foul Ball, location: 2F 2-2: Hit by Pitch
|
|
Batting: RHB John Goynes
|
0-0: Ball 1-0: SINGLE (Line Drive, 56, EV 98.1 MPH) Jose Almonte to second
|
|
Batting: RHB Killian Jones
|
0-0: Called Strike 0-1: Foul Ball, location: 2F 0-2: Ball 1-2: SINGLE (Line Drive, 3D, EV 103.8 MPH) Jose Almonte to third John Goynes to second
|
|
Batting: SHB Jerry Massey
|
0-0: Called Strike 0-1: Fly out, F9 (Flyball, 9D, EV 93.8 MPH) Runner from 3rd tags up, SCORES, throw by RF John Goynes to third
|
|
Batting: RHB Ron Corn
|
0-0: Called Strike 0-1: Ball 1-1: Foul Ball, location: 2F 1-2: Strikes out swinging
|
|
Batting: RHB Brian Moore
|
0-0: Foul Ball, location: 2F 0-1: Foul Ball, location: 2F 0-2: Fielders Choice at 2nd, 5-4 (Groundball, 56, EV 93.8 MPH)
|
| Top of the 4th over - 1 run, 2 hits, 0 errors, 2 left on base; Altoona 2 - Tulsa 5 |
| BOTTOM OF THE 4TH |
|
Tulsa Drillers batting - Pitching for Altoona Curve : RHP Kevin Beury
|
|
Batting: RHB Tony Reyna
|
0-0: Ball 1-0: SINGLE (Line Drive, 78S, EV 88.8 MPH)
|
|
Batting: RHB Sam Saunders
|
0-0: Called Strike 0-1: Called Strike 0-2: Foul Ball, location: 2F 0-2: Ball 1-2: Ball 2-2: Ball 3-2: Base on Balls Tony Reyna to second
|
|
Batting: RHB Curt Earnest
|
0-0: Called Strike 0-1: Swinging Strike 0-2: Strikes out swinging
|
|
Batting: SHB Shane Marcum
|
0-0: Ball 1-0: Called Strike 1-1: Ball 2-1: Fielders Choice at 2nd, 5-4 (Groundball, 5, EV 104.4 MPH) Tony Reyna to third
|
|
Batting: LHB Chris Fandino
|
0-0: DOUBLE (Line Drive, 9LD, EV 101.9 MPH) Tony Reyna scores Shane Marcum to third Runner from 3rd tries for Home, SAFE, no throw by RF
|
|
Batting: RHB Seth Tramontano
|
0-0: Called Strike 0-1: SINGLE (Groundball, 4MD, EV 100.0 MPH) Chris Fandino to third
|
|
Batting: LHB Hyoji Toda
|
0-0: Called Strike 0-1: Ball Seth Tramontano steals 2nd, throwing error, E2 Chris Fandino scores Seth Tramontano to third 1-1: Ball 2-1: Foul Ball, location: 2F 2-2: Ground out 5-3 (Groundball, 56, EV 83.1 MPH)
|
| Bottom of the 4th over - 3 runs, 3 hits, 1 error, 1 left on base; Altoona 2 - Tulsa 8 |
| TOP OF THE 5TH |
|
Altoona Curve batting - Pitching for Tulsa Drillers : RHP Victor Torres
|
|
Batting: RHB Pleun Smit
|
0-0: Ground out 6-3 (Groundball, 6, EV 96.9 MPH)
|
|
Batting: RHB Nelson Ozuna
|
0-0: Ball 1-0: Ground out 6-3 (Groundball, 6MD, EV 104.4 MPH)
|
|
Batting: RHB Chris Pozzi
|
0-0: Foul Ball, location: 2F 0-1: Foul Ball, location: 2F 0-2: Ball 1-2: Ball 2-2: Strikes out swinging
|
| Top of the 5th over - 0 runs, 0 hits, 0 errors, 0 left on base; Altoona 2 - Tulsa 8 |
| BOTTOM OF THE 5TH |
|
Tulsa Drillers batting - Pitching for Altoona Curve : RHP Kevin Beury
|
|
Batting: LHB Steve Pond
|
0-0: Swinging Strike 0-1: Ball 1-1: Ground out 6-3 (Groundball, 6, EV 88.1 MPH)
|
|
Batting: RHB Jerry Sanchez
|
0-0: Called Strike 0-1: Called Strike 0-2: Ball 1-2: Fly out, F7 (Flyball, 78M, EV 90.0 MPH)
|
|
Batting: RHB Tony Reyna
|
0-0: Ball 1-0: Called Strike 1-1: Fly out, F9 (Flyball, 89S, EV 90.0 MPH)
|
| Bottom of the 5th over - 0 runs, 0 hits, 0 errors, 0 left on base; Altoona 2 - Tulsa 8 |
| TOP OF THE 6TH |
|
Altoona Curve batting - Pitching for Tulsa Drillers : RHP Victor Torres
|
|
Batting: RHB Jose Almonte
|
0-0: Ball 1-0: Ball 2-0: Foul Ball, location: 2F 2-1: Ball 3-1: SINGLE (Groundball, 6MD, EV 105.6 MPH)
|
|
Batting: RHB John Goynes
|
0-0: Ball 1-0: Called Strike 1-1: Foul Ball, location: 2F 1-2: Strikes out looking
|
|
Batting: RHB Killian Jones
|
0-0: Swinging Strike 0-1: Ball 1-1: Foul Ball, location: 2F 1-2: Ball 2-2: SINGLE (Line Drive, 34, EV 100.6 MPH) Jose Almonte to second
|
|
Batting: SHB Jerry Massey
|
0-0: Foul Ball, location: 2F 0-1: Called Strike 0-2: SINGLE (Groundball, 15S, EV 68.8 MPH) (infield hit) Jose Almonte to third Killian Jones to second
|
|
Batting: RHB Ron Corn
|
0-0: Called Strike 0-1: Ball 1-1: Foul Ball, location: 2F 1-2: Strikes out looking
|
|
Batting: RHB Brian Moore
|
0-0: Foul Ball, location: 2F 0-1: SINGLE (Groundball, 56D, EV 104.4 MPH) Jose Almonte scores Killian Jones to third Jerry Massey to second Runner from 3rd tries for Home, SAFE, throw by LF to home
|
|
Batting: RHB Pleun Smit
|
0-0: Ball 1-0: Ball 2-0: Ball 3-0: Base on Balls Jerry Massey to third Brian Moore to second
|
|
Batting: RHB Nelson Ozuna
|
0-0: Ball 1-0: Called Strike 1-1: Foul Ball, location: 2F 1-2: Ball 2-2: Ground out U3 (Groundball, 3S, EV 87.5 MPH)
|
| Top of the 6th over - 2 runs, 4 hits, 0 errors, 3 left on base; Altoona 4 - Tulsa 8 |
| BOTTOM OF THE 6TH |
|
Tulsa Drillers batting - Pitching for Altoona Curve : RHP Kevin Beury
|
|
Pitching: RHP Ian Ferrara
|
|
|
Batting: RHB Sam Saunders
|
0-0: Ball 1-0: Called Strike 1-1: Foul Ball, location: 2F 1-2: Strikes out looking
|
|
Batting: RHB Curt Earnest
|
0-0: Foul Ball, location: 2F 0-1: Ball 1-1: Foul Ball, location: 2F 1-2: SINGLE (Flyball, 8RM, EV 88.8 MPH)
|
|
Batting: SHB Shane Marcum
|
0-0: Called Strike 0-1: Ball Curt Earnest is caught stealing 2nd base 2-6 1-1: Called Strike 1-2: Fly out, F5 (Flyball, 56D, EV 93.1 MPH)
|
| Bottom of the 6th over - 0 runs, 1 hit, 0 errors, 0 left on base; Altoona 4 - Tulsa 8 |
| TOP OF THE 7TH |
|
Altoona Curve batting - Pitching for Tulsa Drillers : RHP Victor Torres
|
|
Pitching: RHP Jorge Mora
|
|
|
Batting: RHB Chris Pozzi
|
0-0: Ball 1-0: Ball 2-0: Ball 3-0: Base on Balls
|
|
Batting: RHB Jose Almonte
|
0-0: Ball 1-0: Ball 2-0: Fielders Choice at 2nd, 1-6 (Groundball, 13, EV 65.0 MPH)
|
|
Batting: RHB John Goynes
|
0-0: Ball 1-0: Ball 2-0: Called Strike 2-1: Ball 3-1: Swinging Strike 3-2: Base on Balls Jose Almonte to second
|
|
Batting: RHB Killian Jones
|
0-0: Called Strike 0-1: Foul Ball, location: 2F 0-2: Foul Ball, location: 2F 0-2: Ball 1-2: Foul Ball, location: 2F 1-2: Foul Ball, location: 2F 1-2: Ball 2-2: SINGLE (Flyball, 78S, EV 100.0 MPH) Jose Almonte to third John Goynes to second Runner from 3rd tries for Home, throw by CF and OUT! 8-2
|
|
Batting: SHB Jerry Massey
|
0-0: Swinging Strike 0-1: Ball 1-1: Called Strike 1-2: Strikes out swinging
|
| Top of the 7th over - 0 runs, 1 hit, 0 errors, 2 left on base; Altoona 4 - Tulsa 8 |
| BOTTOM OF THE 7TH |
|
Tulsa Drillers batting - Pitching for Altoona Curve : RHP Ian Ferrara
|
|
Pitching: RHP Doug Rawson
|
|
|
Batting: LHB Chris Fandino
|
0-0: Foul Ball, location: 2F 0-1: Swinging Strike 0-2: Ball 1-2: Foul Ball, location: 2F 1-2: Foul Ball, location: 2F 1-2: Strikes out swinging
|
|
Batting: RHB Seth Tramontano
|
0-0: Foul Ball, location: 2F 0-1: Ball 1-1: Ball 2-1: Called Strike 2-2: Ball 3-2: SINGLE (Groundball, 6MD, EV 100.6 MPH)
|
|
Batting: LHB Hyoji Toda
|
0-0: Ball Seth Tramontano steals 2nd base 1-0: Ball 2-0: Ball 3-0: Foul Ball, location: 2F 3-1: Base on Balls
|
|
Batting: LHB Steve Pond
|
0-0: Ball 1-0: Fielders Choice at 2nd, 4-6 (Groundball, 4, EV 99.4 MPH) Seth Tramontano to third
|
|
Batting: RHB Jerry Sanchez
|
0-0: Ball 1-0: Ball 2-0: SINGLE (Groundball, 6D, EV 99.4 MPH) Seth Tramontano scores Steve Pond to second
|
|
Batting: RHB Tony Reyna
|
0-0: Foul Ball, location: 2F 0-1: Ball 1-1: Ball 2-1: Fly out, F4 (Flyball, 4D, EV 91.9 MPH)
|
| Bottom of the 7th over - 1 run, 2 hits, 0 errors, 2 left on base; Altoona 4 - Tulsa 9 |
| TOP OF THE 8TH |
|
Altoona Curve batting - Pitching for Tulsa Drillers : RHP Jorge Mora
|
|
Batting: RHB Ron Corn
|
0-0: Ball 1-0: Foul Ball, location: 2F 1-1: Called Strike 1-2: Strikes out swinging
|
|
Batting: RHB Brian Moore
|
0-0: Foul Ball, location: 2F 0-1: Ball 1-1: Ball 2-1: Fly out, F8 (Flyball, 8RD, EV 101.2 MPH)
|
|
Pitching: RHP Josh Weiser
|
|
|
Batting: RHB Pleun Smit
|
0-0: Swinging Strike 0-1: Foul Ball, location: 2F 0-2: Foul Ball, location: 2F 0-2: Ball 1-2: Ball 2-2: Strikes out looking
|
| Top of the 8th over - 0 runs, 0 hits, 0 errors, 0 left on base; Altoona 4 - Tulsa 9 |
| BOTTOM OF THE 8TH |
|
Tulsa Drillers batting - Pitching for Altoona Curve : RHP Doug Rawson
|
|
Batting: RHB Sam Saunders
|
0-0: SINGLE (Groundball, 6S, EV 65.0 MPH) (infield hit)
|
|
Pinch Runner at 1st John Manocchio:
|
|
|
Batting: RHB Curt Earnest
|
0-0: Hit by Pitch John Manocchio to second
|
|
Batting: SHB Shane Marcum
|
0-0: Ball 1-0: SINGLE (Groundball, 6M, EV 106.9 MPH) (infield hit) John Manocchio to third Curt Earnest to second
|
|
Batting: LHB Chris Fandino
|
0-0: Called Strike 0-1: SINGLE (Line Drive, 4M, EV 95.0 MPH) John Manocchio scores Curt Earnest to third Shane Marcum to second
|
|
Batting: RHB Seth Tramontano
|
0-0: Foul Ball, location: 2F 0-1: Foul Ball, location: 2F 0-2: Ball 1-2: Grounds into double play, 1-2-3 (Groundball, 15S, EV 66.2 MPH) Shane Marcum to third Chris Fandino to second
|
|
Batting: LHB Hyoji Toda
|
0-0: Ball 1-0: Ball Wild Pitch! Shane Marcum scores Chris Fandino to third 2-0: Ball 3-0: Ground out 4-3 (Groundball, 34D, EV 100.6 MPH)
|
| Bottom of the 8th over - 2 runs, 3 hits, 0 errors, 1 left on base; Altoona 4 - Tulsa 11 |
| TOP OF THE 9TH |
|
Altoona Curve batting - Pitching for Tulsa Drillers : RHP Josh Weiser
|
|
Now at 1B: John Manocchio
|
|
|
Now in CF: Seth Tramontano
|
|
|
Now in RF: Hyoji Toda
|
|
|
Batting: RHB Nelson Ozuna
|
0-0: Called Strike 0-1: Called Strike 0-2: SINGLE (Groundball, 4MD, EV 103.1 MPH)
|
|
Batting: RHB Chris Pozzi
|
0-0: Foul Ball, location: 2F 0-1: Called Strike 0-2: Ball 1-2: Ball 2-2: Fielders Choice at 2nd, 5-4 (Groundball, 56S, EV 83.1 MPH)
|
|
Batting: RHB Jose Almonte
|
0-0: Ball Wild Pitch! Chris Pozzi to second 1-0: Ball 2-0: Called Strike 2-1: Ball 3-1: SINGLE (Line Drive, 8LS, EV 93.1 MPH) Chris Pozzi to third
|
|
Batting: RHB John Goynes
|
0-0: Ground out 5-3 (Groundball, 56, EV 101.2 MPH) Chris Pozzi scores Jose Almonte to second
|
|
Batting: RHB Killian Jones
|
0-0: Ball 1-0: Ball 2-0: Ball 3-0: Called Strike 3-1: Called Strike 3-2: Strikes out looking
|
| Top of the 9th over - 1 run, 2 hits, 0 errors, 1 left on base; Altoona 5 - Tulsa 11 |
|